PAA
HELENA GRIZZLIES @ DURHAM RAPIERS
09/03/2023
 
TOP OF THE 1ST
Helena Grizzlies batting - Pitching for Durham Rapiers : RHP Gustavo Pérez
Pitching: RHP Gustavo Pérez
Batting: LHB Tom Cotton 0-0: Called Strike
0-1: Foul Ball, location: 2F
0-2: Strikes out swinging
Batting: RHB Miguel Rosales 0-0: Fly out, F8 (Flyball, 8LM)
Batting: LHB Miguel Zúńiga 0-0: Ball
1-0: DOUBLE (Groundball, 3L)
Batting: RHB Gonzalo Sánchez 0-0: Ball
1-0: Ball
2-0: Ball
3-0: Base on Balls
Batting: RHB Chris Woodruff 0-0: Ball
1-0: Foul Ball, location: 2F
1-1: Ball
2-1: SINGLE (Groundball, 3)
Miguel Zúńiga to third
Gonzalo Sánchez to second
Runner from 3rd tries for Home, SAFE, throw made home
Batting: RHB Keith Newbold 0-0: Ground out 5-3 (Groundball, 5)
Top of the 1st over - 1 run(s), 2 hit(s), 0 error(s), 2 left on base; Helena 1 - Durham 0
BOTTOM OF THE 1ST
Durham Rapiers batting - Pitching for Helena Grizzlies : RHP Manuel Pader
Pitching: RHP Manuel Pader
Batting: RHB Esteban Garza 0-0: SINGLE (Line Drive, 89S)
Batting: RHB Kevin Sanderson 0-0: Swinging Strike
0-1: Ball
1-1: Foul Ball, location: 2F
1-2: Ball
2-2: Ball
3-2: Foul Ball, location: 2F
3-2: Base on Balls
Esteban Garza to second
Batting: SHB Brent Adams 0-0: Ball
1-0: Ball
2-0: Foul Ball, location: 2F
2-1: Ball
3-1: Swinging Strike
3-2: Base on Balls
Esteban Garza to third
Kevin Sanderson to second
Batting: LHB Mitchell Hansen 0-0: Called Strike
0-1: Grounds into double play, 3-6-3 (Groundball, 3)
Esteban Garza scores
Kevin Sanderson to third
Batting: RHB Caleb Lee 0-0: Ball
1-0: Ball
2-0: Ball
3-0: Base on Balls
Batting: LHB Davis Anderson 0-0: Called Strike
0-1: Ball
1-1: Foul Ball, location: 2F
1-2: Foul Ball, location: 2F
1-2: Fly out, F6 (Popup, 5DF)
Bottom of the 1st over - 1 run(s), 1 hit(s), 0 error(s), 2 left on base; Helena 1 - Durham 1
TOP OF THE 2ND
Helena Grizzlies batting - Pitching for Durham Rapiers : RHP Gustavo Pérez
Batting: RHB Dusty Childress 0-0: Ball
1-0: Fly out, F8 (Line Drive, 78XD)
Batting: RHB Gaston Waller 0-0: Fly out, F8 (Line Drive, 8RM)
Batting: RHB D.C. Aiken 0-0: Swinging Strike
0-1: Called Strike
0-2: Foul Ball, location: 2F
0-2: DOUBLE (Flyball, 89D)
Batting: LHB Tom Cotton 0-0: Ball
1-0: Fly out, F7 (Flyball, 7M)
Top of the 2nd over - 0 run(s), 1 hit(s), 0 error(s), 1 left on base; Helena 1 - Durham 1
BOTTOM OF THE 2ND
Durham Rapiers batting - Pitching for Helena Grizzlies : RHP Manuel Pader
Batting: RHB Jorge López 0-0: Ball
1-0: Called Strike
1-1: Ball
2-1: Ground out 4-3 (Groundball, 4)
Batting: RHB Luis Dávila 0-0: Ball
1-0: Foul Ball, location: 2F
1-1: Foul Ball, location: 2F
1-2: Foul Ball, location: 2F
1-2: Strikes out swinging
Batting: RHB António Díaz 0-0: Called Strike
0-1: Ball
1-1: Ground out 4-3 (Groundball, 4M)
Bottom of the 2nd over - 0 run(s), 0 hit(s), 0 error(s), 0 left on base; Helena 1 - Durham 1
TOP OF THE 3RD
Helena Grizzlies batting - Pitching for Durham Rapiers : RHP Gustavo Pérez
Batting: RHB Miguel Rosales 0-0: Called Strike
0-1: Called Strike
0-2: Fly out, F9 (Flyball, 9S)
Batting: LHB Miguel Zúńiga 0-0: Ball
1-0: Swinging Strike
1-1: Ball
2-1: Called Strike
2-2: Ball
3-2: Base on Balls
Batting: RHB Gonzalo Sánchez 0-0: Called Strike
0-1: SINGLE (Line Drive, 34)
Miguel Zúńiga to second
Batting: RHB Chris Woodruff 0-0: Swinging Strike
0-1: Fly out, F2 (Popup, 2RF)
Batting: RHB Keith Newbold 0-0: Ball
1-0: Ball
2-0: Called Strike
2-1: Called Strike
2-2: Strikes out looking
Top of the 3rd over - 0 run(s), 1 hit(s), 0 error(s), 2 left on base; Helena 1 - Durham 1
BOTTOM OF THE 3RD
Durham Rapiers batting - Pitching for Helena Grizzlies : RHP Manuel Pader
Batting: RHB Esteban Garza 0-0: Ball
1-0: Foul Ball, location: 2F
1-1: Ball
2-1: Foul Ball, location: 2F
2-2: Ground out 5-3 (Groundball, 56)
Batting: RHB Kevin Sanderson 0-0: Called Strike
0-1: Swinging Strike
0-2: Foul Ball, location: 2F
0-2: Ball
1-2: Ball
2-2: Strikes out swinging
Batting: SHB Brent Adams 0-0: Called Strike
0-1: Foul Ball, location: 2F
0-2: Strikes out swinging
Bottom of the 3rd over - 0 run(s), 0 hit(s), 0 error(s), 0 left on base; Helena 1 - Durham 1
TOP OF THE 4TH
Helena Grizzlies batting - Pitching for Durham Rapiers : RHP Gustavo Pérez
Batting: RHB Dusty Childress 0-0: Called Strike
0-1: Called Strike
0-2: Foul Ball, location: 2F
0-2: Foul Ball, location: 2F
0-2: Ball
1-2: Ground out 6-3 (Groundball, 6)
Batting: RHB Gaston Waller 0-0: Called Strike
0-1: Ball
1-1: Fly out, F8 (Flyball, 8LS)
Batting: RHB D.C. Aiken 0-0: Ball
1-0: Called Strike
1-1: Called Strike
1-2: Ball
2-2: Ball
3-2: Strikes out swinging
Top of the 4th over - 0 run(s), 0 hit(s), 0 error(s), 0 left on base; Helena 1 - Durham 1
BOTTOM OF THE 4TH
Durham Rapiers batting - Pitching for Helena Grizzlies : RHP Manuel Pader
Batting: LHB Mitchell Hansen 0-0: Ball
1-0: Swinging Strike
1-1: Ball
2-1: Ball
3-1: Foul Ball, location: 2F
3-2: Foul Ball, location: 2F
3-2: Strikes out swinging
Batting: RHB Caleb Lee 0-0: Ball
1-0: Fly out, F9 (Flyball, 89M)
Batting: LHB Davis Anderson 0-0: Ball
1-0: Ball
2-0: Ball
3-0: Called Strike
3-1: Called Strike
3-2: Base on Balls
Batting: RHB Jorge López 0-0: Ball
Wild Pitch!
Davis Anderson to second
1-0: Swinging Strike
1-1: Called Strike
1-2: Strikes out looking
Bottom of the 4th over - 0 run(s), 0 hit(s), 0 error(s), 1 left on base; Helena 1 - Durham 1
TOP OF THE 5TH
Helena Grizzlies batting - Pitching for Durham Rapiers : RHP Gustavo Pérez
Batting: LHB Tom Cotton 0-0: Ball
1-0: Called Strike
1-1: Swinging Strike
1-2: Foul Ball, location: 2F
1-2: Strikes out swinging
Batting: RHB Miguel Rosales 0-0: Ball
1-0: Fly out, F8 (Flyball, 8RM)
Batting: LHB Miguel Zúńiga 0-0: Called Strike
0-1: Ball
1-1: Swinging Strike
1-2: Strikes out swinging
Top of the 5th over - 0 run(s), 0 hit(s), 0 error(s), 0 left on base; Helena 1 - Durham 1
BOTTOM OF THE 5TH
Durham Rapiers batting - Pitching for Helena Grizzlies : RHP Manuel Pader
Batting: RHB Luis Dávila 0-0: Called Strike
0-1: Ball
1-1: Ball
2-1: Ground out 4-3 (Groundball, 4)
Batting: RHB António Díaz 0-0: Hit by Pitch
Batting: RHB Esteban Garza 0-0: Ball
1-0: Ball
2-0: Grounds into double play, 6-4-3 (Groundball, 6)
Bottom of the 5th over - 0 run(s), 0 hit(s), 0 error(s), 0 left on base; Helena 1 - Durham 1
TOP OF THE 6TH
Helena Grizzlies batting - Pitching for Durham Rapiers : RHP Gustavo Pérez
Batting: RHB Gonzalo Sánchez 0-0: Ball
1-0: Called Strike
1-1: Ground out 4-3 (Groundball, 34)
Batting: RHB Chris Woodruff 0-0: Called Strike
0-1: Foul Ball, location: 2F
0-2: Strikes out looking
Batting: RHB Keith Newbold 0-0: Ball
1-0: Swinging Strike
1-1: Ball
2-1: Foul Ball, location: 2F
2-2: Ball
3-2: Ground out 6-3 (Groundball, 6)
Top of the 6th over - 0 run(s), 0 hit(s), 0 error(s), 0 left on base; Helena 1 - Durham 1
BOTTOM OF THE 6TH
Durham Rapiers batting - Pitching for Helena Grizzlies : RHP Manuel Pader
Batting: RHB Kevin Sanderson 0-0: Called Strike
0-1: Ball
1-1: DOUBLE (Line Drive, 9LS)
Batting: SHB Brent Adams 0-0: Ball
1-0: Ball
2-0: Ball
3-0: Base on Balls
Batting: LHB Mitchell Hansen 0-0: Called Strike
0-1: Grounds into double play, 4-6-3 (Groundball, 4)
Kevin Sanderson to third
Batting: RHB Caleb Lee 0-0: SINGLE (Line Drive, 7LS)
Kevin Sanderson scores
Batting: LHB Davis Anderson 0-0: Called Strike
0-1: Ball
1-1: Called Strike
1-2: Fly out, F2 (Popup, 23)
Bottom of the 6th over - 1 run(s), 2 hit(s), 0 error(s), 1 left on base; Helena 1 - Durham 2
TOP OF THE 7TH
Helena Grizzlies batting - Pitching for Durham Rapiers : RHP Gustavo Pérez
Batting: RHB Dusty Childress 0-0: Foul Ball, location: 2F
0-1: Ball
1-1: Foul Ball, location: 2F
1-2: Ground out 5-3 (Groundball, 5D)
Batting: RHB Gaston Waller 0-0: Ball
1-0: Swinging Strike
1-1: Foul Ball, location: 2F
1-2: Foul Ball, location: 2F
1-2: Fly out, F9 (Popup, 34D)
Batting: RHB D.C. Aiken 0-0: Foul Ball, location: 2F
0-1: Foul Ball, location: 2F
0-2: Ball
1-2: Ball
2-2: Strikes out looking
Top of the 7th over - 0 run(s), 0 hit(s), 0 error(s), 0 left on base; Helena 1 - Durham 2
BOTTOM OF THE 7TH
Durham Rapiers batting - Pitching for Helena Grizzlies : RHP Manuel Pader
Batting: RHB Jorge López 0-0: Ball
1-0: Foul Ball, location: 2F
1-1: Foul Ball, location: 2F
1-2: Foul Ball, location: 2F
1-2: Fly out, F4 (Popup, 3D)
Batting: RHB Luis Dávila 0-0: Ball
1-0: Called Strike
1-1: Called Strike
1-2: Fly out, F9 (Flyball, 89D)
Batting: RHB António Díaz 0-0: SINGLE (Line Drive, 89S)
Pitching: RHP Jim Unknown
Pinch Hitting: LHB Mayer Röhricht 0-0: Called Strike
0-1: Ground out 1-3 (Groundball, 13S)
Bottom of the 7th over - 0 run(s), 1 hit(s), 0 error(s), 1 left on base; Helena 1 - Durham 2
TOP OF THE 8TH
Helena Grizzlies batting - Pitching for Durham Rapiers : RHP Gustavo Pérez
Now in RF: Mayer Röhricht
Batting: LHB Tom Cotton 0-0: Ball
1-0: Ball
2-0: Foul Ball, location: 2F
2-1: Swinging Strike
2-2: Ball
3-2: Strikes out swinging
Batting: RHB Miguel Rosales 0-0: Called Strike
0-1: Foul Ball, location: 2F
0-2: Ball
1-2: Foul Ball, location: 2F
1-2: Strikes out looking
Batting: LHB Miguel Zúńiga 0-0: Ball
1-0: Swinging Strike
1-1: Called Strike
1-2: Strikes out swinging
Top of the 8th over - 0 run(s), 0 hit(s), 0 error(s), 0 left on base; Helena 1 - Durham 2
BOTTOM OF THE 8TH
Durham Rapiers batting - Pitching for Helena Grizzlies : RHP Jim Unknown
Batting: RHB Kevin Sanderson 0-0: Ball
1-0: Called Strike
1-1: Ball
2-1: Foul Ball, location: 2F
2-2: Ball
3-2: DOUBLE (Flyball, 7D)
Batting: SHB Brent Adams 0-0: Foul Ball, location: 2F
0-1: Swinging Strike
0-2: SINGLE (Line Drive, 7LS)
Kevin Sanderson to third
Runner from 3rd tries for Home, SAFE, no throw or cutoff
Batting: LHB Mitchell Hansen 0-0: Ball
1-0: Fly out, F7 (Flyball, 78M)
Batting: RHB Caleb Lee 0-0: Called Strike
0-1: Ball
1-1: Ball
2-1: SINGLE (Groundball, 56D)
Brent Adams to second
Batting: LHB Davis Anderson 0-0: Called Strike
0-1: Ball
1-1: Ball
2-1: Swinging Strike
2-2: SINGLE (Groundball, 5D)
Brent Adams to third
Caleb Lee to second
Batting: RHB Jorge López 0-0: Ball
1-0: Foul Ball, location: 2F
1-1: SINGLE (Line Drive, 34D)
Brent Adams scores
Caleb Lee to third
Davis Anderson to second
Pitching: LHP Jim Unknown
Batting: RHB Luis Dávila 0-0: Ball
1-0: SINGLE (Groundball, 56D) (infield hit)
Caleb Lee scores
Davis Anderson to third
Jorge López to second
Batting: RHB António Díaz 0-0: Ball
1-0: Fielders Choice at 2nd, 5-4 (Groundball, 5)
Davis Anderson scores
Jorge López to third
Batting: LHB Mayer Röhricht 0-0: Fielders Choice at 2nd, U4 (Groundball, 4M)
Bottom of the 8th over - 4 run(s), 6 hit(s), 0 error(s), 2 left on base; Helena 1 - Durham 6
TOP OF THE 9TH
Helena Grizzlies batting - Pitching for Durham Rapiers : RHP Gustavo Pérez
Pitching: RHP Jim Unknown
Batting: RHB Gonzalo Sánchez 0-0: Ball
1-0: Ball
2-0: Ball
3-0: Base on Balls
Batting: RHB Chris Woodruff 0-0: Ball
1-0: Called Strike
1-1: Foul Ball, location: 2F
1-2: Ball
2-2: SINGLE (Groundball, 34)
Gonzalo Sánchez to second
Runner from 2nd tries for 3rd, SAFE, throw made to third
Batting: RHB Keith Newbold 0-0: Called Strike
0-1: Ball
1-1: Called Strike
1-2: Ball
2-2: Grounds into double play, 6-4-3 (Groundball, 6)
Gonzalo Sánchez scores
Batting: RHB Dusty Childress 0-0: Called Strike
0-1: Foul Ball, location: 2F
0-2: Ball
1-2: Ball
2-2: Strikes out looking
Top of the 9th over - 1 run(s), 1 hit(s), 0 error(s), 0 left on base; Helena 2 - Durham 6
This league is powered by Out of the Park Baseball, the baseball management simulation game for PC, Mac and Linux
Friday, July 8th, 2016 - OOTP Baseball 16.9 Build 39